 Dungeon Crawl Stone Soup version 0.26.1-11-gd32895ea62 (webtiles) character file.

Game seed: 9073661990860202870

8617 nomophobia the Protected (level 11, -5/104 HPs)
             Began as a Minotaur Gladiator on May 19, 2021.
             Was a High Priest of Makhleb.
             Slain by a ten-headed hydra (7 damage)
             ... on level 9 of the Dungeon.
             The game lasted 01:34:41 (8053 turns).

nomophobia the Protected (Minotaur Gladiator)       Turns: 8053, Time: 01:34:42

Health: -5/104     AC: 19    Str: 23    XL:     11   Next: 12%
Magic:  10/10      EV:  9    Int:  5    God:    Makhleb [*****.]
Gold:   363        SH:  0    Dex: 17    Spells: 10/10 levels left

rFire    . . .     SeeInvis .   a - +3 war axe (vorpal)
rCold    . . .     Faith    .   (no shield)
rNeg     + . .     Spirit   .   D - +0 plate armour
rPois    .         Reflect  .   c - +2 hat
rElec    .         Harm     .   (no cloak)
rCorr    .         Rampage  .   A - +0 pair of gloves
Will     .....                  (no boots)
Stlth    ..........             q - amulet of regeneration
HPRegen  0.67/turn              p - +6 ring of dexterity
MPRegen  0.12/turn              o - ring of positive energy

@: no status effects
A: retaliatory headbutt, horns 2
a: Renounce Religion, Minor Destruction, Lesser Servant of Makhleb, Major
Destruction, Greater Servant of Makhleb


You were on level 9 of the Dungeon.
You worshipped Makhleb.
Makhleb was extremely pleased with you.
You visited 3 branches of the dungeon, and saw 11 of its levels.

You collected 419 gold pieces.
You spent 56 gold pieces at shops.

Inventory:

Hand Weapons
 a - a +3 vorpal war axe (weapon)
 b - a +2 vampiric war axe
 C - a +1 hand axe of flaming
 F - a +2 vampiric broad axe
Missiles
 d - 4 throwing nets
Armour
 c - a +2 hat (worn)
 y - a +2 pair of boots of stealth
 A - a +0 pair of gloves (worn)
 D - a +0 plate armour (worn)
Jewellery
 n - an uncursed ring of ice
 o - a ring of positive energy (right hand)
 p - a +6 ring of dexterity (left hand)
 q - an amulet of regeneration (around neck)
Wands
 f - a wand of flame (10) (quivered)
 i - a wand of acid (13)
 u - a wand of disintegration (14)
 I - a wand of iceblast (22)
Scrolls
 e - 5 scrolls of remove curse
 l - a scroll of immolation
 r - 3 scrolls of teleportation
 x - a scroll of enchant weapon
 z - a scroll of fear
 G - a scroll of blinking
Potions
 g - 6 potions of heal wounds {unknown}
 h - 4 potions of lignification {unknown}
 j - a potion of cancellation {unknown}
 k - a potion of mutation {unknown}
 m - 2 potions of ambrosia {unknown}
 s - 2 potions of curing {unknown}
 t - 2 potions of degeneration {unknown}
 v - 3 potions of attraction {unknown}
 w - 3 potions of might {unknown}
 B - a potion of brilliance {unknown}
 E - 3 potions of flight {unknown}


   Skills:
 + Level 12.1 Fighting
 + Level 11.2 Axes
 - Level 2.0 Throwing
 + Level 12.2 Armour
 + Level 4.1 Dodging


You had 10 spell levels left.
You didn't know any spells.
Your spell library contained the following spells:

 Spells                   Type           Power        Failure   Level
 Beastly Appendage        Tmut           0%           99%         1
 Magic Dart               Conj           0%           99%         1
 Searing Ray              Conj           0%           100%        2
 Wereblood                Tmut           0%           100%        2
 Dazzling Flash           Conj/Hex       0%           100%        3
 Spider Form              Tmut/Pois      0%           100%        3
 Fulminant Prism          Conj/Hex       0%           100%        4
 Ice Form                 Ice/Tmut       0%           100%        4
 Iskenderun's Mystic Bla  Conj/Tloc      0%           100%        4
 Blade Hands              Tmut           0%           100%        5


Dungeon Overview and Level Annotations

Branches:
Dungeon (9/15)             Temple (1/1) D:7            Lair (1/6) D:9
    Orc: D:9-12

Altars:
Ashenzari
Cheibriados
Dithmenos
Elyvilon
Fedhas
Gozag
Hepliaklqana
Kikubaaqudgha
Makhleb
Nemelex Xobeh
Okawaru
Qazlal
Ru
Sif Muna
Trog
Uskayaw
Vehumet
Yredelemnul
Zin
The Shining One
Beogh

Shops:
D:4 [   D:5 [   D:8 !**   D:9 *


Innate Abilities, Weirdness & Mutations

You reflexively headbutt those who attack you in melee.
You have a pair of horns on your head.


Message History

The nine-headed hydra bites you.
* * * LOW HITPOINT WARNING * * *
The nine-headed hydra bites you!
* * * LOW HITPOINT WARNING * * *
The nine-headed hydra bites you but does no damage.
The nine-headed hydra barely misses you.
You climb upwards.
Welcome back to the Dungeon!
There is a staircase to the Lair here.
You slash the komodo dragon! Your headbutt misses the komodo dragon.
The komodo dragon is almost dead.
You hack one of the nine-headed hydra's heads off!
The eight-headed hydra grows two more!
You hit the ten-headed hydra.
The ten-headed hydra closely misses you.
The ten-headed hydra bites you but does no damage.
The ten-headed hydra barely misses you.
The ten-headed hydra bites you but does no damage.
The ten-headed hydra bites you.
* * * LOW HITPOINT WARNING * * *
The ten-headed hydra bites you!
You die...

#.....P.♣P##..# ##..<
##.#..P).....#.#### #...
#....P...P.♣...†..#####...
#........♣P....##.........
#....♣.P.P.....#######....
#.....P..P......# #....#.#
#..........P.P..# #..###.#
#..P.P..l....P..# #.< #.#
#...P...D@......# #. .#
#....♣P.♣....P..# .. .#
........♣........... ..
#....P.........P.###.
#.........♣........
.........PP..P...#
......P..P#..... ....
#.##...##


You could see a ten-headed hydra and a komodo dragon.

Vanquished Creatures
  Erica (D:8)
  Pikel (D:5)
  Psyche (D:8)
  A komodo dragon (D:8)
  Grinder (D:4)
  Sigmund (D:4)
  2 wyverns (D:9)
  4 yaks (D:9)
  3 basilisks (D:9)
  Grum (D:8)
  6 water moccasins
  3 black bears
  2 ice beasts (D:8)
  4 phantoms
  3 sky beasts
  7 orc warriors
  An ogre (D:8)
  4 wolves
  A centaur (D:9)
  4 bullfrogs
  4 scorpions
  4 killer bees (D:7)
  3 wights (D:8)
  3 howler monkeys (D:9)
  A centaur zombie (D:5)
  3 hounds
  8 orc priests
  3 bullfrog skeletons
  A centaur skeleton (D:6)
  2 jellies
  10 orc wizards
  Ijyb (D:4)
  Terence (D:2)
  5 iguanas
  6 worker ants
  A hound zombie (D:6)
  A worker ant zombie (D:8)
  4 gnolls
  A howler monkey skeleton (D:6)
  6 adders
  An ufetubus (D:6)
  An ooze (D:4)
  An adder skeleton (D:6)
  5 worms
  7 leopard geckos
  59 orcs
  4 ball pythons
  5 bats
  2 giant cockroaches
  7 goblins
  8 hobgoblins
  11 jackals
  3 quokkas
  6 frilled lizards
  A jackal skeleton (D:5)
  2 kobolds
  A leopard gecko skeleton (D:7)
  A quokka skeleton (D:6)
  6 rats
250 creatures vanquished.

Vanquished Creatures (others)
  2 plants (D:9)
2 creatures vanquished.

Grand Total: 252 creatures vanquished

Notes
Turn   | Place    | Note
-------+----------+-------------------------------------------
     0 | D:1      | nomophobia the Minotaur Gladiator began the quest for the
                  | Orb.
     0 | D:1      | Reached XP level 1. HP: 18/18 MP: 0/0
    37 | D:1      | Reached skill level 1 in Armour
   219 | D:1      | Reached XP level 2. HP: 25/25 MP: 1/1
   366 | D:2      | Noticed Terence
   379 | D:2      | Killed Terence
   380 | D:2      | Reached XP level 3. HP: 4/31 MP: 2/2
   808 | D:2      | Found a basalt altar of Yredelemnul.
  1249 | D:2      | Reached XP level 4. HP: 31/38 MP: 3/3
  1251 | D:2      | Found a burning altar of Makhleb.
  1255 | D:2      | Found a shadowy altar of Dithmenos.
  1267 | D:2      | Became a worshipper of Makhleb the Destroyer
  1437 | D:3      | Reached skill level 5 in Axes
  1453 | D:3      | Found an opulent altar of Gozag.
  1457 | D:3      | Reached XP level 5. HP: 39/45 MP: 4/4
  1816 | D:3      | Reached * piety under Makhleb
  1908 | D:3      | Reached XP level 6. HP: 26/52 MP: 5/5
  2707 | D:4      | Noticed Grinder
  2730 | D:4      | Paralysed by Grinder for 2 turns
  2735 | D:4      | Killed Grinder
  2736 | D:4      | Reached skill level 5 in Armour
  2736 | D:4      | Reached XP level 7. HP: 20/60 MP: 6/6
  2760 | D:4      | Reached skill level 5 in Fighting
  2785 | D:4      | Found Inygupn's Armour Boutique.
  2841 | D:4      | Found a bloodstained altar of Trog.
  2952 | D:4      | Noticed Sigmund
  2970 | D:4      | Killed Sigmund
  3141 | D:4      | Noticed Ijyb
  3149 | D:4      | Killed Ijyb
  3773 | D:5      | Entered Level 5 of the Dungeon
  3809 | D:5      | Reached ** piety under Makhleb
  3835 | D:5      | Found Meps's Antique Armour Emporium.
  4274 | D:5      | Reached XP level 8. HP: 60/71 MP: 7/7
  4365 | D:5      | Noticed Pikel
  4377 | D:5      | Killed Pikel
  4769 | D:6      | Reached XP level 9. HP: 66/81 MP: 8/8
  5055 | D:6      | Found a runed translucent door.
  5191 | D:6      | Reached *** piety under Makhleb
  5394 | D:6      | Found a roughly hewn altar of Beogh.
  6208 | D:7      | Reached skill level 10 in Armour
  6263 | D:7      | Reached skill level 10 in Fighting
  6527 | D:7      | Found a staircase to the Ecumenical Temple.
  6536 | Temple   | Entered the Ecumenical Temple
  6766 | D:7      | Reached skill level 10 in Axes
  6816 | D:7      | Reached XP level 10. HP: 77/93 MP: 9/9
  6947 | D:8      | Found Ucunen's General Store.
  6948 | D:8      | Noticed Grum
  6960 | D:8      | Killed Grum
  7044 | D:8      | Reached **** piety under Makhleb
  7093 | D:8      | Noticed Psyche
  7105 | D:8      | Killed Psyche
  7132 | D:8      | Found Fihy's Distillery.
  7309 | D:8      | Noticed Erica
  7323 | D:8      | Killed Erica
  7525 | D:8      | Found Huxi's Assorted Antiques.
  7559 | D:8      | Bought a scroll of identify for 56 gold pieces
  7780 | D:9      | Found Japad's Demolitions Depot.
  7986 | D:9      | Reached XP level 11. HP: 104/104 MP: 10/10
  7994 | D:9      | Reached ***** piety under Makhleb
  8003 | D:9      | Found a staircase to the Lair.
  8038 | Lair:1   | Entered Level 1 of the Lair of Beasts
  8038 | Lair:1   | Noticed a seven-headed hydra
  8050 | Lair:1   | HP: 2/104 [nine-headed hydra (10)]
  8053 | D:9      | Slain by a ten-headed hydra

Illustrated notes

Levels and vault maps discovered:
D:1:      dpeg_arrival_leaves_temple_mockup, layout_rooms
D:2:      layout_loops_ring, general_overflow_altar, minitemple, uniq_terence
D:3:      minmay_diamond_boxcup, layout_rooms, old_standard_altar,
          chequers_serial_rivers_micro_a
D:4:      layout_gridville, nicolae_overflow_hidden_temple, serial_shops,
          nicolae_shop_behind_doors, uniq_sigmund, uniq_ijyb, uniq_grinder
D:5:      layout_rooms, serial_shops, nicolae_shop_statue_plus, uniq_pikel
D:6:      layout_rooms, lightli_church_of_beogh
D:7:      layout_basic, lemuel_temple_firewalk_b
D:8:      layout_gridville, serial_shops, nicolae_shop_trees, shop,
          kennysheep_mini, uniq_psyche, uniq_grum, uniq_erica
D:9:      layout_rooms, gammafunk_temple_overflow_statue,
          minmay_lair_entry_grove, serial_shops, nicolae_shop_behind_doors,
          hangedman_decor_opposing, mrwooster_statue_mirror, st_stairs_11,
          nicolae_blasting_shop, kennysheep_generic_room_16
Temple:   regret_index_temple_waves
Lair:1:   layout_cave_shapes, portal_ice_cave_entry_imps

Skill      XL: |  1  2  3  4  5  6  7  8  9 10 11 |
---------------+----------------------------------+-----
Armour         | 1 2 3 4 5 6 8 10 12 | 12.2
Axes           | 4 5 6 7 9 10 11 | 11.2
Fighting       | 3 4 6 8 10 12 | 12.1
Dodging        | 4 |  4.1
Throwing       | |  2.0

Action                   |  1- 3 |  4- 6 |  7- 9 | 10-12 || total
-------------------------+-------+-------+-------+-------++-------
Melee: War axe           |    27 |       |    76 |   148 ||   251
       Headbutt          |     7 |    16 |    63 |    40 ||   126
       Hand axe          |    26 |   100 |   221 |       ||   347
Evoke: Wand              |       |       |     8 |    23 ||    31
  Use: Scroll            |     5 |     1 |    11 |     4 ||    21
 Stab: Distracted        |       |     1 |       |       ||     1
Armor: Leather armour    |     5 |       |       |       ||     5
       Scale mail        |     5 |    10 |       |       ||    15
       Chain mail        |       |    23 |    99 |       ||   122
       Plate armour      |       |       |    55 |    99 ||   154
Dodge: Dodged            |    32 |    58 |   106 |    53 ||   249
